 Dungeon Sprint DCSS version 0.27.1-2-g3b301248ec (webtiles) character file.

Game seed: 15915744192298819776

730 boopmooplesden the Protected (level 7, -25/73 HPs)
             Began as a Minotaur Fighter on Sept 22, 2021.
             Annihilated by a boulder beetle (41 damage)
             ... in the Dungeon (Sprint II: "The Violet Keep of Menkaure").
             The game lasted 00:00:53 (709 turns).

boopmooplesden the Protected (Minotaur Fighter)      Turns: 709, Time: 00:00:53

Health: -25/73     AC:  9    Str: 20    XL:     7   Next: 44%
Magic:  6/6        EV:  9    Int:  3    God:
Gold:   729        SH: 11    Dex:  8    Spells: 6/6 levels left

rFire    . . .     SeeInvis .   a - +0 war axe
rCold    . . .     Faith    .   c - +0 kite shield
rNeg     . . .     Spirit   .   b - +0 scale mail
rPois    .         Reflect  .   (helmet restricted)
rElec    .         Harm     .   (no cloak)
rCorr    .         Rampage  .   (no gloves)
Will     .....     Rnd*Rage +   (no boots) Stlth ..........NoTele +
                                (no amulet)
HPRegen  0.22/turn              (no ring)
MPRegen  0.10/turn              (no ring)

@: mighty, unable to read
A: horns 2, retaliatory headbutt, berserk 1, clumsy 1, dopey 1, weak 1,
inability to read while threatened
a: no special abilities


You were in the Dungeon.
You visited 1 branch You collected 729 gold pieces.

Inventory:

Hand Weapons
 a - a +0 war axe (weapon)
Armour
 b - a +0 scale mail (worn)
 c - a +0 kite shield (worn)
Scrolls
 j - a scroll of blinking
Potions
 e - a potion of curing
 f - a potion of heal wounds
 g - a potion of haste
 h - 2 potions of magic


   Skills:
 + Level 10.8 Fighting
 + Level 7.4 Axes
 + Level 11.6 Armour
 + Level 0.2 Dodging
 + Level 10.7 Shields


You had 6 spell levels left.
You didn't know any spells.
Your spell library was empty.

Dungeon Overview and Level Annotations

Branches:
Dungeon (1/1)

Altars:


Innate Abilities, Weirdness & Mutations

You have a pair of horns on your head.
You reflexively headbutt those who attack you in melee.
You tend to lose your temper in combat.
You are clumsy. (Dex -2)
You are dopey. (Int -2)
You are weak. (Str -2)
You sometimes lose the ability to read scrolls when taking damage.


Message History

You slash the boulder beetle!
The boulder beetle is lightly wounded.
You block the boulder beetle's attack.
You hit the boulder beetle.
The boulder beetle is lightly wounded.
You block the boulder beetle's attack.
You slice the boulder beetle!!
Your headbutt misses the boulder beetle.
The boulder beetle is moderately wounded.
The walls and floor vibrate strangely for a moment.
The boulder beetle bites you!
You feel threatened and lose the ability to read scrolls!
You block the boulder beetle's attack.
You hit the boulder beetle.
The boulder beetle is moderately wounded.
The boulder beetle bites you but does no damage.
You hit the boulder beetle but do no damage.
The boulder beetle is moderately wounded.
The boulder beetle barely misses you.
You hit the boulder beetle.
The boulder beetle is heavily wounded.
You can read scrolls again.
You block the boulder beetle's attack.
You hit the boulder beetle but do no damage.
You headbutt the boulder beetle.
The boulder beetle is heavily wounded.
The boulder beetle bites you.
You feel threatened and lose the ability to read scrolls!
You hit the boulder beetle.
The boulder beetle is heavily wounded.
You block the boulder beetle's attack.
The boulder beetle leaps!
The boulder beetle bites you!!
* * * LOW HITPOINT WARNING * * *
You hit the boulder beetle but do no damage.
The boulder beetle leaps!
The boulder beetle curls into a ball and begins rolling!
There is an open door here.
The boulder beetle hits you!!!
Ouch! That really hurt!
You die...

≈≈≈..†......#
≈≈≈≈.##'##..# ≈≈≈
###.### # ≈
#..#..#
####.#.#### #
##.###'###.## .#
#.°.##.##.#.#..#
+.#B'.B.'##.+..#
#..@##.###..#....#
##.###'#
#.##......
####○#.### .....
#.. ..# ≈≈≈.. ##$
.## ≈≈≈. ## ##
≈≈≈§


You could see 2 boulder beetles.

Vanquished Creatures
  A merfolk siren (D)
  2 neqoxecs (D)
  2 scorpions (D)
5 creatures vanquished.

Vanquished Creatures (others)
  A neqoxec (D)
  Menkaure (D)
  2 water moccasins (D)
  2 scorpions (D)
6 creatures vanquished.

Grand Total: 11 creatures vanquished

Notes
Turn   | Place    | Note
-------+----------+-------------------------------------------
     0 | D        | boopmooplesden the Minotaur Fighter began the quest for the
                  | Orb.
     0 | D        | Reached XP level 1. HP: 19/19 MP: 0/0
     1 | D        | Noticed a merfolk siren
     9 | D        | HP: 1/28 [merfolk siren (6)]
    13 | D        | Killed a merfolk siren
    14 | D        | Reached skill level 5 in Axes
    14 | D        | Reached skill level 10 in Armour
    14 | D        | Reached XP level 2. HP: 4/37 MP: 1/1
    14 | D        | Reached XP level 3. HP: 5/44 MP: 2/2
    14 | D        | Reached XP level 4. HP: 6/50 MP: 3/3
    14 | D        | Reached XP level 5. HP: 6/57 MP: 4/4
    14 | D        | Reached XP level 6. HP: 7/64 MP: 5/5
    68 | D        | Killed Menkaure
   150 | D        | Killed a water moccasin
   316 | D        | Reached skill level 10 in Fighting
   327 | D        | Killed a water moccasin
   462 | D        | Noticed a neqoxec
   465 | D        | Noticed a neqoxec
   468 | D        | Gained mutation: You are weak. (Str -2) [a neqoxec]
   470 | D        | Killed a neqoxec
   471 | D        | Reached skill level 11 in Armour
   471 | D        | Reached skill level 10 in Shields
   471 | D        | Reached XP level 7. HP: 43/73 MP: 6/6
   476 | D        | Gained mutation: You sometimes lose the ability to read
                  | scrolls when taking damage. [a neqoxec]
   477 | D        | Gained mutation: You are clumsy. (Dex -2) [a neqoxec]
   479 | D        | Gained mutation: You tend to lose your temper in combat. [a
                  | neqoxec]
   480 | D        | Gained mutation: You are dopey. (Int -2) [a neqoxec]
   482 | D        | Killed a neqoxec
   512 | D        | Killed a neqoxec
   689 | D        | Noticed a boulder beetle
   689 | D        | Noticed a boulder beetle
   709 | D        | Annihilated by a boulder beetle

Illustrated notes

Levels and vault maps discovered:
D:        the_violet_keep_of_menkaure [sprint2_stairs_cluster_1,
          sprint2_shoproom, sprint2_temple, sprint2_basic_supplies,
          sprint2_obstacle_2, sprint2_obstacle_3, sprint2_obstacle_5,
          sprint2_obstacle_6, sprint2_obstacle_4, sprint2_timed_cluster_1,
          sprint2_smallroom_cluster_1, sprint2_smallroom_final_cluster_1,
          sprint2_transparent_cluster_1, sprint2_second_timed_cluster_1,
          sprint2_sniper_area_1, sprint2_heavy_combat_area_1,
          sprint2_mutation_trap_area_1, sprint2_forest_area_1,
          sprint2_light_combat_area_1, sprint2_behind_water_1,
          sprint2_near_end_vault_1]

Skill      XL: |  1  2  3  4  5  6  7 |
---------------+----------------------+-----
Fighting       | 9 10 | 10.8
Axes           | 5 6 7 |  7.4
Armour         | 10 11 | 11.6
Shields        | 9 10 | 10.7
Dodging        | |  0.2

Action                   |  1- 3 |  4- 6 |  7- 9 || total
-------------------------+-------+-------+-------++-------
Melee: War axe           |     9 |    14 |    22 ||    45
       Headbutt          |     3 |     3 |     4 ||    10
  Use: Potion            |     1 |       |     1 ||     2
Armor: Scale mail        |       |     1 |     3 ||     4
Dodge: Dodged            |     2 |     1 |     5 ||     8
Block: Kite shield       |     4 |     7 |    12 ||    23
